 Dungeon Crawl Stone Soup version 0.22-a0-429-g97ce8ef (webtiles) character file.

63 Gorglomux the Sneak (level 3, -11/19 HPs)
             Began as a Spriggan Berserker on May 25, 2018.
             Killed by the fiery rage of Trog (30 damage)
             ... on level 1 of the Dungeon.
             The game lasted 00:01:52 (2067 turns).

Gorglomux the Sneak (Spriggan Berserker)            Turns: 2067, Time: 00:01:53

Health: -11/19     AC:  2    Str: 13 (14) XL:     3   Next: 87%
Magic:  4/4        EV: 20    Int:  8      God:
Gold:   39         SH:  0    Dex: 15      Spells: 2/2 levels left

rFire    . . .     SeeInvis +   a - +0 short sword
rCold    . . .     Gourm    .   (shield restricted)
rNeg     . . .     Faith    .   b - +0 animal skin
rPois    +         Spirit   .   (helmet restricted)
rElec    .         Reflect  .   (no cloak)
rCorr    .         Harm     .   (gloves unavailable)
MR       .....                  (boots unavailable)
Stlth    +++.......             (no amulet)
HPRegen  0.06/turn              o - ring of poison resistance
MPRegen  0.09/turn              (no ring)

@: very quick
A: very small, unfitting armour, see invisible, herbivore, speed 3, slow
metabolism 2
a: no special abilities


You were on level 1 of the Dungeon.
You were not hungry.

You visited 1 branch of the dungeon, and saw 2 of its levels.

You collected 39 gold pieces.

Inventory:

Hand Weapons
 a - a +0 short sword (weapon)
Armour
 b - a +0 animal skin (worn)
Jewellery
 o - a ring of poison resistance (left hand)
Scrolls
 d - a scroll of teleportation {unknown}
 e - a scroll of remove curse {unknown}
Potions
 p - 2 potions of curing {unknown}
 q - a potion of mutation {unknown}
Comestibles
 c - a ration


   Skills:
 + Level 2.5 Fighting
 + Level 3.4 Short Blades
 + Level 4.6 Dodging
 - Level 5.0 Stealth


You had 2 spell levels left.
You didn't know any spells.
Your spell library was empty.

Dungeon Overview and Level Annotations

Branches:
Dungeon (2/15)

Altars:


Innate Abilities, Weirdness & Mutations

You are very small and have problems with some larger weapons.
You are too small for most types of armour.
You have supernaturally acute eyesight. (SInv)
You are a herbivore.
You cover ground extremely quickly.
You need to consume almost no food.


Message History

You butt-ly miss the jackal!
The jackal closely butts you!
You perforate the jackal like a sieve!
The jackal is almost dead!
The jackal completely misses you!
You spit the jackal like a pig!
You annihilate the jackal!!!
No target in view!!!
Things that are here:
a dagger; a goblin corpse; a jackal corpse No target in view!!!
There is an open door here!
There is a stone staircase butt down here!
You start resting!
HP restored!
You start waiting!
You feel Butt's fiery rage upon you!!!
There is a sudden and violent explosion of flames!!!
The fireball engulfs you!!!
DANG rip

.# #########8...<..8#
#.# ## ###############.#
##### #.......##.# #...#
#####.#####.##.. ##
#...#####.........#.####
.#
#.............###.#.....
.# #..........####
#....... .#
#............# #.......
.# ######.@..##.#
#....... .# #....##.#
#....... .# #....').#
######.[ .# #....####
#.# .# #....#### #.# .#
#.......# #.. .#
###.....# ### .# #.)...#
'## #.....#


There were no monsters in sight!

Vanquished Creatures
  An adder (D:2)
  2 oozes (D:1)
  A dart slug (D:1)
  2 leopard geckos (D:1)
  2 giant cockroaches (D:1)
  5 goblins (D:1)
  5 hobgoblins (D:1)
  9 jackals (D:1)
  4 bats (D:1)
  3 frilled lizards (D:1)
  2 kobolds (D:1)
  2 rats (D:1)
38 creatures vanquished.

Notes
Turn   | Place    | Note
-------+----------+-------------------------------------------
     0 | D:1      | Gorglomux the Spriggan Berserker began the quest for the Orb.
     0 | D:1      | Reached XP level 1. HP: 11/11 MP: 2/2
    37 | D:1      | Fell from the grace of Trog
    71 | D:1      | Reached skill level 2 in Stealth
    87 | D:1      | Reached XP level 2. HP: 16/16 MP: 3/3
   129 | D:1      | Reached skill level 3 in Stealth
   237 | D:1      | Reached skill level 4 in Stealth
   376 | D:1      | Reached XP level 3. HP: 12/19 MP: 4/4
   697 | D:1      | Reached skill level 5 in Stealth
  1418 | D:1      | Noticed a black bear
  1418 | D:1      | Noticed a polar bear
  1418 | D:1      | Noticed a polar bear
  2067 | D:1      | Killed by the fiery rage of Trog

Vault maps used:
D:1:      lightli_arrival_noodles, fountainhead
D:2:      serial_aquarium, aquarium_bridge_square, aquarium_window_fake,
          aquarium_window_2, aquarium_view_2b, aquarium_view_2b,
          aquarium_balcony_double_2, aquarium_pool_five, minivault_11

Skill      XL: |  1  2  3 |
---------------+----------+-----
Stealth        | 2 4 5 |  5.0
Fighting       | |  2.5
Short Blades   | |  3.4
Dodging        | |  4.6

Action                   || total
-------------------------++-------
Melee: Short sword       ||   157
Invok: Renounce Religion ||     1
 Stab: Sleeping          ||    10
Armor: Animal skin       ||    16
Dodge: Dodged            ||   151

Table legend:
 A = Spawn XP
 B = Non-spawn XP
 C = Spawn XP percentage of total XP
 D = Spawn monster count
 E = Non-spawn monster count
 F = Spawn count percentage of total count
 G = Total turns spent on level
                    A         B        C        D         E        F      G
               +---------+---------+-------+---------+---------+-------+---------
         Total |       0 |      90 |   0.0 |       0 |      38 |   0.0 |  2067
               +---------+---------+-------+---------+---------+-------+---------
           D:1 |       0 |      77 |   0.0 |       0 |      37 |   0.0 |  2060
           D:2 |       0 |      13 |   0.0 |       0 |       1 |   0.0 |     7
               +---------+---------+-------+---------+---------+-------+---------
